 Dungeon Crawl Stone Soup version 0.27-a0-1277-g3808f8b1c9 (webtiles) character file.

Game seed: 5735995605178130120

2862 Feb132020 the Digger (level 9, 0/78 HPs)
             Began as a Gargoyle Earth Elementalist on June 12, 2021.
             Was a Believer of Sif Muna.
             Slain by a centaur warrior (1 damage)
             ... on level 8 of the Dungeon.
             The game lasted 00:32:12 (10740 turns).

Feb132020 the Digger (Gargoyle Earth Elementalist) Turns: 10740, Time: 00:32:13

Health: 0/78       AC: 16    Str: 12    XL:     9   Next: 75%
Magic:  0/17       EV: 12    Int: 30    God:    Sif Muna [**....]
Gold:   570        SH:  0    Dex: 13    Spells: 12/18 levels left

rFire    . . .     SeeInvis .   r - +1 mace (holy)
rCold    . . .     Faith    .   (no shield)
rNeg     + . .     Spirit   +   B - +3 leather armour
rPois    ∞         Reflect  .   (no helmet)
rElec    +         Harm     .   t - +0 cloak
rCorr    .         Rampage  .   (no gloves)
Will     .....                  s - +0 pair of boots
Stlth    ..........             l - amulet of guardian spirit
HPRegen  0.23/turn              f - +6 ring of intelligence
MPRegen  0.15/turn              u - +6 ring of intelligence

@: berserking, hasted, very quick
A: sickness immunity, AC +6, negative energy resistance 1, electricity
resistance, torment resistance 1, petrification resistance, iridescent scales 1,
agile 1
a: Renounce Religion, Channel Magic


You were on level 8 of the Dungeon.
You worshipped Sif Muna.
Sif Muna was pleased with you.
You visited 1 branch of the dungeon, and saw 8 of its levels.
You also visited: Ossuary.

You collected 570 gold pieces.

Inventory:

Hand Weapons
 g - a +0 club
 h - a +1 mace
 r - a +1 mace of holy wrath (weapon)
Missiles
 b - 269 stones
Armour
 c - a +1 robe
 d - a +0 leather armour
 s - a +0 pair of boots (worn)
 t - a +0 cloak (worn)
 B - a +3 leather armour (worn)
Magical Staves
 k - a staff of death
Jewellery
 f - a +6 ring of intelligence (left hand)
 l - an amulet of guardian spirit (around neck)
 q - a ring of protection from cold
 u - a +6 ring of intelligence (right hand)
 C - a +4 ring of protection
Wands
 p - a wand of iceblast (6)
 D - a wand of acid (21)
Scrolls
 i - 3 scrolls of immolation
 n - 2 scrolls of summoning
 x - a scroll of teleportation
 y - 2 scrolls of identify
 z - 2 scrolls of magic mapping
 A - a scroll of holy word
Potions
 a - 3 potions of might
 e - 4 potions of flight
 j - 6 potions of curing
 m - a potion of heal wounds {unknown}
 o - a potion of brilliance {unknown}
 v - a potion of degeneration {unknown}
 w - a potion of berserk rage
 E - a potion of haste


   Skills:
 + Level 3.9 Fighting
 + Level 5.9 Maces & Flails
 + Level 2.4 Armour
 - Level 4.0 Dodging
 + Level 5.1 Stealth
 + Level 5.3 Spellcasting
 + Level 4.7 Conjurations
 + Level 0.9 Transmutations
 + Level 7.2 Earth Magic


You had 12 spell levels left.
You knew the following spells:

 Your Spells              Type           Power      Damage    Failure   Level
a - Sandblast             Erth           100%       2d20      1%          1
b - Stone Arrow           Conj/Erth      86%        3d12      1%          3
p - Passwall              Tmut/Erth      26%        N/A       1%          2

Your spell library contained the following spells:

 Spells                   Type           Power      Damage    Failure   Level
 Lee's Rapid Deconstruct  Erth           25%        3d15*     11%         5
 Petrify                  Tmut/Erth      32%        N/A       13%         4


Dungeon Overview and Level Annotations

Branches:
Dungeon (8/15)             Temple (0/1) D:6         Ossuary (visited)
   Lair: D:8-11

Altars:
Fedhas
Nemelex Xobeh
Okawaru
Sif Muna
Uskayaw
Wu Jian
Yredelemnul
The Shining One
Beogh

Annotations:
D:7 Prince Ribbit


Innate Abilities, Weirdness & Mutations

You are immune to sickness and miasma.
Your stone body is resilient. (AC +6)
You are immune to poison.
You resist negative energy. (rN+)
You are resistant to electric shocks. (rElec)
You are resistant to unholy torment.
You are immune to petrification.
You are partially covered in iridescent scales. (AC +2)
You are agile. (Dex +2)


Message History

The centaur warrior kicks you but does no damage.
Unknown command.
Unknown command.
Unknown command.
Unknown command.
Casting: Stone Arrow (safe; 1% risk of failure)
Confirm with . or Enter, or press ? or * to list all spells.
You don't have enough magic to cast this spell.
Unknown command.
A red film seems to cover your vision as you go berserk!
You feel yourself moving faster!
You feel mighty! The centaur warrior hits you.
* * * LOW HITPOINT WARNING * * *
The centaur warrior kicks you but does no damage.
You completely miss the centaur warrior.
The centaur warrior is heavily wounded.
The centaur warrior hits you.
* * * LOW HITPOINT WARNING * * *
The centaur warrior barely misses you.
You closely miss the centaur warrior.
The centaur warrior is moderately wounded.
The centaur warrior hits you!
* * * LOW HITPOINT WARNING * * *
The centaur warrior closely misses you.
You barely miss the centaur warrior.
The centaur warrior is moderately wounded.
The centaur warrior hits you.
* * * LOW HITPOINT WARNING * * *
The centaur warrior kicks you but does no damage.
You barely miss the centaur warrior.
The centaur warrior is moderately wounded.
The centaur warrior hits you but does no damage.
The centaur warrior barely misses you.
Unknown command.
You thump the centaur warrior!
The centaur warrior is severely wounded.
The centaur warrior hits you!
* * * LOW HITPOINT WARNING * * *
The centaur warrior kicks you but does no damage.
The centaur warrior hits you.
You die...

*,,* #y*#.#..#≈,,,,,,,,,,,,,
*,,* *#.##....#≈,,,,,,,,,,,,,
*,,* ##,#.##...#≈,,,,,,*,,*,,,
*,,* #.###.....#≈,,,,,,,,,,,,,
**,,* #..#.##...#≈≈,,,,,,,,,,,,
*,,,* #.#.####.###≈≈,,,,,,,,,,,
*,,** #.#.# #....#*≈≈,,,,,,,,,,
#..####.#.###..#####≈≈,,,,,,,,≈
#............c@†.†.#*≈≈,,,,,,≈≈
#..####............#**≈≈≈≈≈≈≈≈*
#.c# ###.########## **********
#..# #.# #.o# #.# #..# #.#
#.o#### #.# #.....# #.# #.###o#
#.#


You could see a centaur warrior.

Vanquished Creatures
  A shadow (D:6)
  A wraith (D:6)
  A black bear (D:6)
  A sky beast (D:8)
  An ice beast (D:7)
  2 necrophages (D:4)
  2 ogres
  A centaur (D:6)
  2 phantoms (D:4)
  An elf zombie (Ossuary)
  A kobold brigand (D:6)
  3 scorpions
  6 killer bees
  A howler monkey (D:5)
  2 bullfrog zombies
  6 centaur zombies
  3 human zombies (Ossuary)
  5 orc priests
  Crazy Yiuf (D:4)
  2 bullfrog skeletons
  3 hounds
  A jelly (D:4)
  4 iguanas (D:5)
  An orc wizard (D:6)
  2 hound zombies (Ossuary)
  3 mummies (Ossuary)
  6 adders
  A howler monkey skeleton (D:5)
  A shadow imp (D:5)
  An ufetubus (D:7)
  3 adder zombies (Ossuary)
  An adder skeleton (D:4)
  A worm (D:3)
  A dart slug (D:1)
  15 orcs
  7 endoplasms
  2 giant cockroaches (D:1)
  9 hobgoblins
  10 kobolds
  3 quokkas
  5 ball pythons
  2 bats (D:3)
  A frilled lizard (D:2)
  6 goblins
  8 goblin zombies (Ossuary)
  6 hobgoblin zombies (Ossuary)
  3 jackal zombies (Ossuary)
  A kobold zombie (Ossuary)
  An orc zombie (Ossuary)
  2 quokka zombies (Ossuary)
  8 rats
  A rat zombie (Ossuary)
162 creatures vanquished.

Vanquished Creatures (collateral kills)
  A giant cockroach (D:4)
1 creature vanquished.

Vanquished Creatures (others)
  A sky beast (D:8)
1 creature vanquished.

Grand Total: 164 creatures vanquished

Notes
Turn   | Place    | Note
-------+----------+-------------------------------------------
     0 | D:1      | Feb132020 the Gargoyle Earth Elementalist began the quest
                  | for the Orb.
     0 | D:1      | Reached XP level 1. HP: 10/10 MP: 3/3
   218 | D:1      | Reached skill level 4 in Earth Magic
   218 | D:1      | Reached XP level 2. HP: 15/15 MP: 1/5
   409 | D:1      | Learned a level 2 spell: Passwall
   862 | D:1      | Reached XP level 3. HP: 10/19 MP: 3/6
   866 | D:1      | Learned a level 3 spell: Stone Arrow
  1258 | D:1      | Found a faded altar of an unknown god.
  2492 | D:3      | Reached XP level 4. HP: 23/24 MP: 7/7
  2621 | D:3      | Reached skill level 1 in Conjurations
  3474 | D:4      | Noticed a necrophage
  3484 | D:4      | Killed a necrophage
  3485 | D:4      | Reached skill level 1 in Maces & Flails
  3485 | D:4      | Reached XP level 5. HP: 17/28 MP: 0/8
  3511 | D:4      | Noticed a phantom
  3610 | D:4      | Noticed an ogre
  3615 | D:4      | Killed an ogre
  3616 | D:4      | Reached skill level 1 in Fighting
  3616 | D:4      | Reached XP level 6. HP: 34/34 MP: 3/10
  3708 | D:4      | Found a shimmering blue altar of Sif Muna.
  3727 | D:4      | Became a worshipper of Sif Muna the Loreminder
  3984 | D:4      | Noticed a necrophage
  4000 | D:4      | Killed a necrophage
  4001 | D:4      | Reached skill level 5 in Earth Magic
  4001 | D:4      | Reached XP level 7. HP: 38/38 MP: 5/11
  4082 | D:4      | Found a basalt altar of Yredelemnul.
  4473 | D:4      | Found a runed translucent door.
  4474 | D:4      | Noticed Crazy Yiuf
  4479 | D:4      | Killed Crazy Yiuf
  4665 | D:5      | Entered Level 5 of the Dungeon
  4764 | D:5      | Found a sand-covered staircase.
  4796 | Ossuary  | Entered an ossuary
  5098 | Ossuary  | Reached XP level 8. HP: 36/44 MP: 10/13
  5102 | Ossuary  | Reached * piety under Sif Muna
  5843 | D:5      | Gained mutation: Armour fits poorly on your strangely
                  | shaped body. [potion of mutation]
  5844 | D:5      | Lost mutation: Armour fits poorly on your strangely shaped
                  | body. [potion of mutation]
  5844 | D:5      | Gained mutation: You are agile. (Dex +2) [potion of
                  | mutation]
  5844 | D:5      | Gained mutation: You are partially covered in iridescent
                  | scales. (AC +2) [potion of mutation]
  5863 | D:5      | Found a sparkling altar of Nemelex Xobeh.
  6802 | D:6      | Reached skill level 6 in Earth Magic
  7027 | D:5      | Found a blossoming altar of Fedhas.
  7219 | D:5      | Found an iron altar of Okawaru.
  7219 | D:5      | Found an ornate altar of the Wu Jian Council.
  7784 | D:6      | Reached skill level 5 in Maces & Flails
  7807 | D:6      | Found a hide-covered altar of Uskayaw.
  7809 | D:6      | Noticed a shadow
  7817 | D:6      | Killed a shadow
  7818 | D:6      | Reached XP level 9. HP: 31/51 MP: 8/15
  7838 | D:6      | Reached ** piety under Sif Muna
  8031 | D:6      | Reached skill level 5 in Stealth
  8682 | D:6      | Found a glowing golden altar of the Shining One.
  8776 | D:6      | Found a staircase to the Ecumenical Temple.
  9114 | D:7      | Reached skill level 1 in Armour
  9258 | D:7      | Reached skill level 5 in Spellcasting
  9674 | D:7      | Reached skill level 7 in Earth Magic
  9808 | D:7      | Noticed Prince Ribbit
 10659 | D:8      | Noticed a centaur warrior
 10740 | D:8      | HP: 1/78 [centaur warrior (6)]
 10740 | D:8      | Slain by a centaur warrior

Illustrated notes

Levels and vault maps discovered:
D:1:      dpeg_arrival_simpleton_c, layout_basic,
          dilly_ecumenical_altar_fadedgnrine, minmay_stone_trees_small
D:2:      layout_rooms
D:3:      minmay_inner_zag, layout_loops_ring
D:4:      layout_loops_ring, nicolae_overflow_hidden_temple,
          nicolae_sif_muna_condensation, kennysheep_generic_room_5,
          uniq_crazy_yiuf_cottage
D:5:      layout_layer_cave, nemelex_diamond_rough_becter, lemuel_doored_altar,
          gammafunk_temple_overflow_statue,
          nicolae_ossuary_entry_false_entrances
D:6:      layout_basic, tso_oasis_becter,
          nicolae_uskayaw_murder_on_the_dancefloor, temple_hall_moat,
          serial_rivers, chequers_serial_rivers_small_b,
          chequers_serial_rivers_micro_b, chequers_serial_rivers_small_b,
          chequers_serial_rivers_marsh, chequers_serial_rivers_micro_d,
          chequers_serial_rivers_room_a
D:7:      layout_basic, david_defended_altar_orc, uniq_prince_ribbit1
D:8:      layout_loops_ring, serial_shops, nicolae_shop_stone,
          kennysheep_cross_room

Skill      XL: |  1  2  3  4  5  6  7  8  9 |
---------------+----------------------------+-----
Earth Magic    | 4 5 6 7 |  7.2
Conjurations   | 1 2 3 4 |  4.7
Stealth        | 3 4 5 |  5.1
Maces & Flails | 1 2 3 5 |  5.9
Fighting       | 1 3 |  3.9
Dodging        | 2 3 4 |  4.0
Spellcasting   | 3 4 5 |  5.3
Armour         | 2 |  2.4
Transmutations | |  0.9

Action                   |  1- 3 |  4- 6 |  7- 9 || total
-------------------------+-------+-------+-------++-------
Melee: Club              |    13 |       |       ||    13
       Mace              |    65 |    67 |   313 ||   445
 Cast: Sandblast         |    24 |    11 |    39 ||    74
       Passwall          |     1 |       |     2 ||     3
       Stone Arrow       |       |     3 |    61 ||    64
  Use: Scroll            |     5 |     3 |    12 ||    20
       Potion            |       |       |     4 ||     4
 Stab: Sleeping          |     5 |     5 |     4 ||    14
Armor: Robe              |    25 |    19 |   153 ||   197
       Leather armour    |       |       |    65 ||    65
Dodge: Dodged            |    44 |    45 |   263 ||   352

Table legend: (Time is in decaauts)
 A = Elapsed time spent in this place.
 B = Non-inter-level travel time spent in this place.
 C = Inter-level travel time spent in this place.
 D = Time resting spent in this place.
 E = Time spent auto-exploring this place.
 F = Levels seen in this place.
 G = Mean time per level.
                   A        B        C        D        E       F      G
               +--------+--------+--------+--------+--------+-----+--------+
         Total |  10851 |  10380 |    471 |    312 |   8513 |   9 | 1205.7 |
       Dungeon |  10023 |   9552 |    471 |    312 |   7927 |   8 | 1252.9 |
       Ossuary |    827 |    827 |      0 |      0 |    586 |   1 |  827.0 |
               +--------+--------+--------+--------+--------+-----+--------+

Top non-repeatable levels by time:
     D:5: 1813 daAuts
     D:6: 1735 daAuts
     D:1: 1631 daAuts
     D:7: 1499 daAuts
     D:4: 1255 daAuts
     D:3: 1007 daAuts
 Ossuary: 827 daAuts
     D:2: 819 daAuts
     D:8: 259 daAuts
